 Dungeon Crawl Stone Soup version 0.29-a0-410-g9596d59a08 (webtiles) character file.

Game seed: 168676204918434722

770 KhasaRR the Chopper (level 7, -13/61 HPs)
             Began as a Hill Orc Fighter on May 14, 2022.
             Was a Follower of the Shining One.
             Mangled by an orc warrior
             ... wielding a +0 glaive
              (14 damage)
             ... on level 6 of the Dungeon.
             The game lasted 00:20:14 (5756 turns).

KhasaRR the Chopper (Hill Orc Fighter)              Turns: 5756, Time: 00:20:15

Health: -13/61     AC: 10    Str: 21    XL:     7   Next: 82%
Magic:  9/9        EV:  6    Int:  8    God:    the Shining One [*.....]
Gold:   185        SH:  0    Dex: 10    Spells: 6/6 levels left

rFire   . . .      SeeInvis +   o - +2 hand axe (freeze)
rCold   . . .      Faith    .   j - +1 kite shield
rNeg    . . .      Spirit   .   m - +0 chain mail
rPois   +          Reflect  .   (no helmet)
rElec   .          Harm     .   (no cloak)
rCorr   .          Rampage  .   (no gloves)
Will    .....                   (no boots)
Stlth   ..........              (no amulet)
HPRegen 0.20/turn               g - ring of see invisible
MPRegen 0.11/turn               n - ring of poison resistance

@: confused, glowing
A: no striking features
a: Renounce Religion, Divine Shield


You were on level 6 of the Dungeon.
You worshipped the Shining One.
The Shining One was aware of your devotion.
You visited 1 branch of the dungeon, and saw 6 of its levels.
You also visited: Sewer.

You collected 185 gold pieces.

Inventory:

Hand Weapons
 a - a +0 war axe
 o - a +2 hand axe of freezing (weapon)
Armour
 j - a +1 kite shield (worn)
 m - a +0 chain mail (worn)
Jewellery
 g - a ring of see invisible (left hand)
 n - a ring of poison resistance (right hand)
Scrolls
 c - a scroll of immolation
 h - a scroll of silence
 l - a scroll of amnesia {unknown}
 p - a scroll of teleportation {unknown}
 r - a scroll of torment {unknown}
 v - a scroll of enchant armour
 y - a scroll of fog {unknown}
Potions
 b - a potion of resistance {unknown}
 d - 2 potions of lignification {unknown}
 f - a potion of haste {unknown}
 i - a potion of ambrosia {unknown}
 k - a potion of mutation {unknown}
 q - a potion of heal wounds {unknown}
 s - a potion of brilliance
 u - a potion of invisibility {unknown}
 x - a potion of cancellation {unknown}
 z - a potion of attraction {unknown}


   Skills:
 * Level 5.4 Fighting
 + Level 7.0 Axes
 + Level 5.5 Armour
 - Level 0.4 Dodging
 + Level 4.6 Shields
 * Level 3.3 Invocations


You had 6 spell levels left.
You didn't know any spells.
Your spell library contained the following spells:

 Spells                   Type           Power      Damage    Failure   Level
 Freeze                   Ice            0%         1d3       100%        1
 Slow                     Hex            0%         N/A       100%        1
 Confusing Touch          Hex            0%         N/A       100%        3
 Frozen Ramparts          Ice            0%         1d2       100%        3
 Vampiric Draining        Necr           0%         2d6       100%        3
 Hailstorm                Conj/Ice       0%         3d3       100%        4


Dungeon Overview and Level Annotations

Branches:
Dungeon (6/15)             Temple (0/1) D:4           Sewer (visited)

Altars:
Elyvilon
Wu Jian
Zin
The Shining One

Shops:
D:3 =   D:5 (


Message History

The orc attacks as you move away! You block the orc's attack.
You barely miss the orc.
The orc is severely wounded.
The orc warrior hits you from afar with a +0 glaive!
You block the orc's attack.
You are too injured to fight recklessly!
You barely miss the orc.
The orc is severely wounded.
The orc warrior barely misses you. You block the orc's attack.
You slash the orc! You freeze the orc.
You kill the orc!
You block the orc warrior's attack.
You feel better. You block the orc warrior's attack.
You block the orc warrior's attack. The orc warrior barely misses you.
Things that are here:
a +0 flail; a +0 ring mail; an orc corpse You are too injured to fight recklessly!
You barely miss the orc warrior.
The orc warrior hits you with a +0 glaive!
You hit the orc warrior. You freeze the orc warrior.
The orc warrior is lightly wounded.
The orc warrior hits you with a +0 glaive!
* * * LOW HITPOINT WARNING * * *
You hit the orc warrior but do no damage.
The orc warrior is lightly wounded.
You slash the orc warrior! You freeze the orc warrior.
The orc warrior is moderately wounded.
You block the orc warrior's attack.
The orc wizard hits you but does no damage.
The orc warrior hits you with a +0 glaive!
* * * LOW HITPOINT WARNING * * *
The orc wizard attacks as you move away!
The orc wizard hits you but does no damage.
The orc wizard gestures at you while chanting.
You are confused.
The orc warrior barely misses you.
You bump into the rock wall.
The orc warrior hits you from afar with a +0 glaive!
You die...

...........##
.#........o.# #
#..........## ..
#.....>.....# ...
#...........# ##....
##......o...###......
#........###........
##.....##)..........
#...#oo@.....##....
#######...†.....###
... ..#............##
. .............###
............##
.......<...##
..........###
.......)....######
.................####


You could see an orc warrior and an orc wizard (invisible).

Vanquished Creatures
  A centaur (D:6)
  An ogre (D:5)
  A scorpion (D:4)
  2 orc priests (D:4)
  4 hounds
  A gnoll shaman (D:4)
  Natasha (thrice) (D:2)
  A hell rat (Sewer)
  3 gnolls (D:4)
  4 river rats (Sewer)
  9 adders
  A worm (D:3)
  6 dart slugs
  8 orcs
  4 endoplasms
  8 giant cockroaches
  5 goblins
  6 hobgoblins
  4 jackals (D:4)
  4 kobolds
  7 quokkas
  5 ball pythons
  2 bats
  A frilled lizard (D:3)
  11 rats
102 creatures vanquished.

Notes
Turn   | Place    | Note
-------+----------+-------------------------------------------
     0 | D:1      | KhasaRR the Hill Orc Fighter began the quest for the Orb.
     0 | D:1      | Reached XP level 1. HP: 19/19 MP: 1/1
   335 | D:1      | Reached XP level 2. HP: 27/27 MP: 2/2
   876 | D:2      | Reached skill level 3 in Axes
   992 | D:2      | Noticed Natasha
  1003 | D:2      | Noticed a crimson imp
  1004 | D:2      | Killed Natasha
  1005 | D:2      | Reached XP level 3. HP: 20/33 MP: 3/3
  1134 | D:2      | Noticed Natasha
  1144 | D:2      | Killed Natasha
  1145 | D:2      | Reached XP level 4. HP: 23/40 MP: 4/4
  1443 | D:2      | Reached skill level 4 in Axes
  1702 | D:2      | Noticed Natasha
  1712 | D:2      | Killed Natasha
  1713 | D:2      | Reached XP level 5. HP: 13/46 MP: 5/5
  2617 | D:3      | Found a glowing golden altar of the Shining One.
  2617 | D:3      | Found a glowing silver altar of Zin.
  2639 | D:3      | Found a white marble altar of Elyvilon.
  2655 | D:3      | Became a worshipper of the Shining One
  2749 | D:3      | Found Tevoeg's Jewellery Boutique.
  2917 | D:4      | Reached skill level 5 in Axes
  2922 | D:4      | Reached XP level 6. HP: 22/53 MP: 6/6
  2953 | D:4      | Reached skill level 1 in Invocations
  3380 | D:4      | Found an ornate altar of the Wu Jian Council.
  3430 | D:4      | Found a staircase to the Ecumenical Temple.
  3755 | D:4      | Reached skill level 5 in Armour
  3867 | D:4      | Reached skill level 5 in Fighting
  3867 | D:4      | Reached skill level 6 in Axes
  4003 | D:5      | Entered Level 5 of the Dungeon
  4250 | D:5      | Found Umyduan's Antique Weapon Shop.
  4357 | D:5      | Reached XP level 7. HP: 61/61 MP: 8/8
  4361 | D:5      | Found a glowing drain.
  4382 | Sewer    | Entered a sewer
  5483 | D:6      | Reached * piety under the Shining One
  5667 | D:6      | Reached skill level 7 in Axes
  5754 | D:6      | HP: 1/61 [orc warrior/+0 glaive (9)]
  5756 | D:6      | Mangled by an orc warrior

Illustrated notes

Levels and vault maps discovered:
D:1:      lightli_arrival_isolated_outpost, layout_basic
D:2:      layout_basic, uniq_natasha
D:3:      layout_rooms, dreamdust_divine_triumvirate, serial_shops,
          nicolae_shop_waterfront
D:4:      layout_basic, nicolae_wu_jian_wuxing_cycle, minmay_temple_entry_hall
D:5:      layout_basic, gup_sewer_entry_pipe, serial_shops,
          nicolae_shop_overgrown_old_shop
D:6:      layout_cave_pods, ebering_ghost_gozag

Skill      XL: |  1  2  3  4  5  6  7 |
---------------+----------------------+-----
Fighting       | 4 5 |  5.4
Axes           | 3 4 5 6 7 |  7.0
Armour         | 4 5 |  5.5
Shields        | 4 |  4.6
Invocations    | 2 3 |  3.3
Dodging        | |  0.4

Action                   |  1- 3 |  4- 6 |  7- 9 || total
-------------------------+-------+-------+-------++-------
Melee: War axe           |    61 |    69 |       ||   130
       Hand axe          |       |    93 |    86 ||   179
  Use: Potion            |     2 |     5 |     1 ||     8
       Scroll            |       |     2 |     6 ||     8
Armor: Scale mail        |    21 |    19 |       ||    40
       Chain mail        |       |    41 |    28 ||    69
Dodge: Dodged            |    18 |    41 |    24 ||    83
Block: Buckler           |    17 |       |       ||    17
       Kite shield       |       |    57 |    41 ||    98

Table legend: (Time is in decaauts)
 A = Elapsed time spent in this place.
 B = Non-inter-level travel time spent in this place.
 C = Inter-level travel time spent in this place.
 D = Time resting spent in this place.
 E = Time spent auto-exploring this place.
 F = Levels seen in this place.
 G = Mean time per level.
                   A        B        C        D        E       F      G
               +--------+--------+--------+--------+--------+-----+--------+
         Total |   5876 |   5706 |    170 |   1294 |   3482 |   7 |  839.4 |
       Dungeon |   5642 |   5472 |    170 |   1248 |   3398 |   6 |  940.3 |
         Sewer |    233 |    233 |      0 |     46 |     83 |   1 |  233.0 |
               +--------+--------+--------+--------+--------+-----+--------+

Top non-repeatable levels by time:
     D:2: 1442 daAuts
     D:5: 1276 daAuts
     D:4: 1173 daAuts
     D:1: 804 daAuts
     D:3: 661 daAuts
     D:6: 283 daAuts
   Sewer: 233 daAuts
